TOP OF THE 1ST |
Trois-Riveres Aigles batting - Pitching for New Jersey Devils : LHP Jared Deckard
|
Pitching: LHP Jared Deckard
|
|
Batting: LHB Jonathan Spino
|
0-0: Ball 1-0: Called Strike 1-1: Swinging Strike 1-2: Ball 2-2: Foul Ball, location: 2F 2-2: Strikes out swinging
|
Batting: RHB Josh Harmon
|
0-0: Ground out 5-3 (Groundball, 25, EV 86.9 MPH)
|
Batting: RHB Dave Galloway
|
0-0: Ball 1-0: Fly out, F4 (Line Drive, 4, EV 65.0 MPH)
|
Top of the 1st over - 0 runs, 0 hits, 0 errors, 0 left on base; Trois-Riveres 0 - New Jersey 0 |
BOTTOM OF THE 1ST |
New Jersey Devils batting - Pitching for Trois-Riveres Aigles : RHP Adam Householder
|
Pitching: RHP Adam Householder
|
|
Batting: SHB Tyler Maddux
|
0-0: Foul Ball, location: 2F 0-1: Called Strike 0-2: Ball 1-2: Strikes out swinging
|
Batting: LHB Matt Baker
|
0-0: Ball 1-0: Called Strike 1-1: Ball 2-1: Foul Ball, location: 2F 2-2: Foul Ball, location: 2F 2-2: Foul Ball, location: 2F 2-2: Strikes out swinging
|
Batting: RHB Larry Shoop
|
0-0: Ball 1-0: Ball 2-0: Ball 3-0: Called Strike 3-1: Called Strike 3-2: Base on Balls
|
Batting: LHB Tony Leyba
|
0-0: Called Strike Larry Shoop steals 2nd base 0-1: Foul Ball, location: 2F 0-2: Strikes out swinging
|
Bottom of the 1st over - 0 runs, 0 hits, 0 errors, 1 left on base; Trois-Riveres 0 - New Jersey 0 |
TOP OF THE 2ND |
Trois-Riveres Aigles batting - Pitching for New Jersey Devils : LHP Jared Deckard
|
Batting: LHB Oscar Curiel
|
0-0: Called Strike 0-1: Ball 1-1: Foul Ball, location: 2F 1-2: SINGLE (Line Drive, 8RS, EV 93.1 MPH)
|
Batting: RHB Jason Penfield
|
0-0: Ball 1-0: Called Strike 1-1: Swinging Strike 1-2: Strikes out swinging
|
Batting: LHB Rich Matthews
|
0-0: SINGLE (Groundball, 4MD, EV 96.9 MPH) Oscar Curiel to second
|
Batting: RHB Khalil Walker
|
0-0: Ball 1-0: Foul Ball, location: 2F 1-1: Called Strike 1-2: Foul Ball, location: 2F 1-2: Fly out, F9 (Flyball, 9LD, EV 88.1 MPH)
|
Batting: RHB Bobby Ross
|
0-0: Called Strike 0-1: Foul Ball, location: 2F 0-2: Strikes out swinging
|
Top of the 2nd over - 0 runs, 2 hits, 0 errors, 2 left on base; Trois-Riveres 0 - New Jersey 0 |
BOTTOM OF THE 2ND |
New Jersey Devils batting - Pitching for Trois-Riveres Aigles : RHP Adam Householder
|
Batting: LHB Dan Bremseth
|
0-0: Ground out 6-3 (Groundball, 6, EV 83.8 MPH)
|
Batting: LHB Miguel Ramos
|
0-0: Called Strike 0-1: Ball 1-1: Ball 2-1: Foul Ball, location: 2F 2-2: Ground out 4-3 (Groundball, 4, EV 106.2 MPH)
|
Batting: RHB Brian Bonin
|
0-0: Swinging Strike 0-1: Called Strike 0-2: Strikes out swinging
|
Bottom of the 2nd over - 0 runs, 0 hits, 0 errors, 0 left on base; Trois-Riveres 0 - New Jersey 0 |
TOP OF THE 3RD |
Trois-Riveres Aigles batting - Pitching for New Jersey Devils : LHP Jared Deckard
|
Batting: RHB Wan-ling Zhu
|
0-0: Ball 1-0: Ball 2-0: Foul Ball, location: 2F 2-1: Swinging Strike 2-2: Strikes out swinging
|
Batting: LHB Jonathan Spino
|
0-0: Foul Ball, location: 2F 0-1: Foul Ball, location: 2F 0-2: Strikes out looking
|
Batting: RHB Josh Harmon
|
0-0: SOLO HOME RUN (Flyball, 78XD, EV 102.5 MPH), Distance : 417 ft
|
Batting: RHB Dave Galloway
|
0-0: Ball 1-0: Called Strike 1-1: Ball 2-1: Swinging Strike 2-2: Foul Ball, location: 2F 2-2: Foul Ball, location: 2F 2-2: Ball 3-2: Base on Balls
|
Batting: LHB Oscar Curiel
|
0-0: Ball 1-0: Foul Ball, location: 2F 1-1: Ball 2-1: Ball 3-1: Base on Balls Dave Galloway to second
|
Batting: RHB Jason Penfield
|
0-0: Called Strike 0-1: Swinging Strike 0-2: Ball 1-2: Ball 2-2: Ball 3-2: Strikes out looking
|
Top of the 3rd over - 1 run, 1 hit, 0 errors, 2 left on base; Trois-Riveres 1 - New Jersey 0 |
BOTTOM OF THE 3RD |
New Jersey Devils batting - Pitching for Trois-Riveres Aigles : RHP Adam Householder
|
Batting: RHB Oscar Bravo
|
0-0: Foul Ball, location: 2F 0-1: Swinging Strike 0-2: Ball 1-2: Ball 2-2: Ball 3-2: Base on Balls
|
Batting: RHB Chris Graham
|
0-0: Ball 1-0: Called Strike 1-1: Fielders Choice at 2nd, 6-4 (Groundball, 56D, EV 78.1 MPH)
|
Batting: SHB Tyler Maddux
|
0-0: Ball 1-0: Called Strike 1-1: Ball 2-1: DOUBLE (Line Drive, 9LS, EV 99.4 MPH) Chris Graham to third
|
Batting: LHB Matt Baker
|
0-0: Ball 1-0: Ball 2-0: Foul Ball, location: 2F 2-1: Ball 3-1: Called Strike 3-2: Foul Ball, location: 2F 3-2: Base on Balls
|
Batting: RHB Larry Shoop
|
0-0: Called Strike 0-1: Ball 1-1: Ball 2-1: Ball 3-1: Fly out, F4 (Popup, 34, EV 77.5 MPH)
|
Batting: LHB Tony Leyba
|
0-0: Ball 1-0: Ball 2-0: Called Strike 2-1: GRAND SLAM HOME RUN (Flyball, 9D, EV 93.1 MPH), Distance : 354 ft
|
Batting: LHB Dan Bremseth
|
0-0: Called Strike 0-1: Ball 1-1: Fly out, F8 (Flyball, 8RXD, EV 107.5 MPH)
|
Bottom of the 3rd over - 4 runs, 2 hits, 0 errors, 0 left on base; Trois-Riveres 1 - New Jersey 4 |
TOP OF THE 4TH |
Trois-Riveres Aigles batting - Pitching for New Jersey Devils : LHP Jared Deckard
|
Batting: LHB Rich Matthews
|
0-0: Ground out 4-3 (Groundball, 4, EV 88.8 MPH)
|
Batting: RHB Khalil Walker
|
0-0: Ball 1-0: Ball 2-0: Ball 3-0: Called Strike 3-1: SINGLE (Line Drive, 89S, EV 103.1 MPH)
|
Batting: RHB Bobby Ross
|
0-0: Called Strike 0-1: Called Strike 0-2: Fly out, F2 (Popup, 23F, EV 85.6 MPH)
|
Batting: RHB Wan-ling Zhu
|
0-0: Ball 1-0: Swinging Strike 1-1: Ball 2-1: SINGLE (Groundball, 6S, EV 70.0 MPH) (infield hit) Khalil Walker to second
|
Batting: LHB Jonathan Spino
|
0-0: Ball 1-0: Swinging Strike 1-1: Foul Ball, location: 2F 1-2: Fly out, F8 (Flyball, 8LD, EV 96.2 MPH)
|
Top of the 4th over - 0 runs, 2 hits, 0 errors, 2 left on base; Trois-Riveres 1 - New Jersey 4 |
BOTTOM OF THE 4TH |
New Jersey Devils batting - Pitching for Trois-Riveres Aigles : RHP Adam Householder
|
Batting: LHB Miguel Ramos
|
0-0: Ball 1-0: Foul Ball, location: 2F 1-1: Ball 2-1: Ball 3-1: Foul Ball, location: 2F 3-2: Foul Ball, location: 2F 3-2: Base on Balls
|
Batting: RHB Brian Bonin
|
0-0: Ball 1-0: Ball Passed Ball! Miguel Ramos to second 2-0: SINGLE (Groundball, 6MD, EV 103.1 MPH) Miguel Ramos to third Runner from 3rd tries for Home, SAFE, throw by CF to home
|
Pitching: LHP Ron Fries
|
|
Batting: RHB Oscar Bravo
|
0-0: SINGLE (Groundball, 4M, EV 102.5 MPH) (infield hit) Brian Bonin to second
|
Batting: RHB Chris Graham
|
0-0: Called Strike 0-1: Foul Ball, location: 2F 0-2: Strikes out looking
|
Batting: SHB Tyler Maddux
|
0-0: Called Strike 0-1: Ball 1-1: SINGLE (Flyball, 7LS, EV 87.5 MPH) Brian Bonin to third Oscar Bravo to second
|
Batting: LHB Matt Baker
|
0-0: Ball 1-0: SINGLE (Groundball, 4MD, EV 96.2 MPH) Brian Bonin scores Oscar Bravo to third Tyler Maddux to second
|
Batting: RHB Larry Shoop
|
0-0: Called Strike 0-1: Ball 1-1: Ball 2-1: Fielders Choice at 2nd, 6-4 (Groundball, 6, EV 103.8 MPH) Oscar Bravo scores Tyler Maddux to third
|
Batting: LHB Tony Leyba
|
0-0: Ball 1-0: Ball 2-0: Ball 3-0: Called Strike 3-1: Called Strike 3-2: DOUBLE (Flyball, 78D, EV 93.1 MPH) Tyler Maddux scores Larry Shoop to third Larry Shoop scores
|
Batting: LHB Dan Bremseth
|
0-0: Ball 1-0: Called Strike 1-1: DOUBLE (Flyball, 78XD, EV 99.4 MPH) Tony Leyba scores
|
Pitching: RHP Federico Jimenez
|
|
Batting: LHB Miguel Ramos
|
0-0: Called Strike 0-1: Foul Ball, location: 2F 0-2: SINGLE (Line Drive, 78S, EV 108.1 MPH) Dan Bremseth to third Runner from 3rd tries for Home, SAFE, throw by LF to home
|
Batting: RHB Brian Bonin
|
0-0: Ball 1-0: Fly out, F9 (Flyball, 9D, EV 101.9 MPH)
|
Bottom of the 4th over - 7 runs, 7 hits, 0 errors, 1 left on base; Trois-Riveres 1 - New Jersey 11 |
TOP OF THE 5TH |
Trois-Riveres Aigles batting - Pitching for New Jersey Devils : LHP Jared Deckard
|
Batting: RHB Josh Harmon
|
0-0: Ball 1-0: Ball 2-0: Called Strike 2-1: Foul Ball, location: 2F 2-2: Foul Ball, location: 2F 2-2: Strikes out swinging
|
Batting: RHB Dave Galloway
|
0-0: Foul Ball, location: 2F 0-1: Ball 1-1: Foul Ball, location: 2F 1-2: Ball 2-2: Foul Ball, location: 2F 2-2: Foul Ball, location: 2F 2-2: Ball 3-2: Strikes out swinging
|
Batting: LHB Oscar Curiel
|
0-0: Called Strike 0-1: Foul Ball, location: 2F 0-2: DOUBLE (Line Drive, 5D, EV 101.2 MPH)
|
Batting: RHB Jason Penfield
|
0-0: Called Strike 0-1: Ball 1-1: Ball 2-1: Foul Ball, location: 2F 2-2: Strikes out swinging
|
Top of the 5th over - 0 runs, 1 hit, 0 errors, 1 left on base; Trois-Riveres 1 - New Jersey 11 |
BOTTOM OF THE 5TH |
New Jersey Devils batting - Pitching for Trois-Riveres Aigles : RHP Federico Jimenez
|
Batting: RHB Oscar Bravo
|
0-0: Ball 1-0: Foul Ball, location: 2F 1-1: Ball 2-1: Foul Ball, location: 2F 2-2: Ball 3-2: Strikes out swinging
|
Batting: RHB Chris Graham
|
0-0: Ball 1-0: Ball 2-0: Swinging Strike 2-1: Ball 3-1: Fly out, F6 (Flyball, 56D, EV 91.2 MPH)
|
Batting: SHB Tyler Maddux
|
0-0: Called Strike 0-1: Swinging Strike 0-2: Strikes out swinging
|
Bottom of the 5th over - 0 runs, 0 hits, 0 errors, 0 left on base; Trois-Riveres 1 - New Jersey 11 |
TOP OF THE 6TH |
Trois-Riveres Aigles batting - Pitching for New Jersey Devils : LHP Jared Deckard
|
Batting: LHB Rich Matthews
|
0-0: Ball 1-0: Ground out 4-3 (Groundball, 4, EV 83.8 MPH)
|
Batting: RHB Khalil Walker
|
0-0: Called Strike 0-1: Called Strike 0-2: Foul Ball, location: 2F 0-2: Ball 1-2: Ball 2-2: Ground out 5-3 (Groundball, 56S, EV 75.0 MPH)
|
Batting: RHB Bobby Ross
|
0-0: Ball 1-0: Foul Ball, location: 2F 1-1: DOUBLE (Flyball, 8LXD, EV 105.0 MPH)
|
Batting: RHB Wan-ling Zhu
|
0-0: Foul Ball, location: 2F 0-1: Ball 1-1: Swinging Strike 1-2: Ground out 5-3 (Groundball, 56S, EV 73.8 MPH)
|
Top of the 6th over - 0 runs, 1 hit, 0 errors, 1 left on base; Trois-Riveres 1 - New Jersey 11 |
BOTTOM OF THE 6TH |
New Jersey Devils batting - Pitching for Trois-Riveres Aigles : RHP Federico Jimenez
|
Batting: LHB Matt Baker
|
0-0: Ball 1-0: Ball 2-0: Called Strike 2-1: Ball 3-1: Ground out 4-3 (Groundball, 34D, EV 103.1 MPH)
|
Batting: RHB Larry Shoop
|
0-0: Called Strike 0-1: Ball 1-1: Fly out, F8 (Flyball, 8RXD, EV 110.0 MPH)
|
Batting: LHB Tony Leyba
|
0-0: Ball 1-0: Ball 2-0: Ground out 4-3 (Groundball, 4MS, EV 81.2 MPH)
|
Bottom of the 6th over - 0 runs, 0 hits, 0 errors, 0 left on base; Trois-Riveres 1 - New Jersey 11 |
TOP OF THE 7TH |
Trois-Riveres Aigles batting - Pitching for New Jersey Devils : LHP Jared Deckard
|
Pitching: RHP Jeremy Delka
|
|
Batting: LHB Jonathan Spino
|
0-0: Fly out, F7 (Flyball, 7, EV 90.0 MPH)
|
Batting: RHB Josh Harmon
|
0-0: Ball 1-0: Ball 2-0: Swinging Strike 2-1: Ball 3-1: Swinging Strike 3-2: Strikes out looking
|
Pinch Hitting: RHB Toshikatsu Omori
|
0-0: Ball 1-0: Called Strike 1-1: Ball 2-1: Ball 3-1: Ground out 5-3 (Groundball, 5S, EV 65.6 MPH)
|
Top of the 7th over - 0 runs, 0 hits, 0 errors, 0 left on base; Trois-Riveres 1 - New Jersey 11 |
BOTTOM OF THE 7TH |
New Jersey Devils batting - Pitching for Trois-Riveres Aigles : RHP Federico Jimenez
|
Now at 1B: Toshikatsu Omori
|
|
Batting: LHB Dan Bremseth
|
0-0: Foul Ball, location: 2F 0-1: Ball 1-1: Ground out 6-3 (Groundball, 6S, EV 90.0 MPH)
|
Batting: LHB Miguel Ramos
|
0-0: Called Strike 0-1: Called Strike 0-2: Strikes out swinging
|
Batting: RHB Brian Bonin
|
0-0: Foul Ball, location: 2F 0-1: Foul Ball, location: 2F 0-2: Fly out, F7 (Line Drive, 7, EV 92.5 MPH)
|
Bottom of the 7th over - 0 runs, 0 hits, 0 errors, 0 left on base; Trois-Riveres 1 - New Jersey 11 |
TOP OF THE 8TH |
Trois-Riveres Aigles batting - Pitching for New Jersey Devils : RHP Jeremy Delka
|
Pinch Hitting: RHB Gabe Wilcoxon
|
0-0: Ball 1-0: Ball 2-0: Ball 3-0: Base on Balls
|
Pinch Hitting: LHB Dave Northam
|
0-0: Called Strike 0-1: DOUBLE (Flyball, 89D, EV 111.9 MPH) Gabe Wilcoxon to third
|
Batting: LHB Rich Matthews
|
0-0: Ball 1-0: Foul Ball, location: 2F 1-1: Fly out, F7 (Flyball, 7S, EV 81.2 MPH)
|
Pinch Hitting: SHB Ray Luna
|
0-0: Ball 1-0: Ground out 6-3 (Groundball, 6, EV 84.4 MPH) Gabe Wilcoxon scores
|
Batting: RHB Bobby Ross
|
0-0: Ball 1-0: SINGLE (Groundball, 4M, EV 95.6 MPH) (infield hit) Dave Northam to third
|
Pinch Hitting: LHB Tony Zizumbo
|
0-0: Called Strike 0-1: Foul Ball, location: 2F 0-2: Ball 1-2: Fielders Choice at 2nd, 5-4 (Groundball, 56, EV 78.1 MPH)
|
Top of the 8th over - 1 run, 2 hits, 0 errors, 2 left on base; Trois-Riveres 2 - New Jersey 11 |
BOTTOM OF THE 8TH |
New Jersey Devils batting - Pitching for Trois-Riveres Aigles : RHP Federico Jimenez
|
Now at 2B: Dave Northam
|
|
Now at 3B: Dave Reynoso
|
|
Now at SS: Tony Zizumbo
|
|
Now in RF: Gabe Wilcoxon
|
|
Pinch Hitting: RHB Warren Carmichael
|
0-0: Called Strike 0-1: SINGLE (Groundball, 56S, EV 67.5 MPH) (infield hit)
|
Batting: RHB Chris Graham
|
0-0: Reached on error, E4 (Groundball, 4, EV 81.2 MPH) Warren Carmichael to second
|
Batting: SHB Tyler Maddux
|
0-0: Foul Ball, location: 2F 0-1: Swinging Strike 0-2: Foul Ball, location: 2F 0-2: Ball 1-2: Foul Ball, location: 2F 1-2: Strikes out swinging
|
Pitching: LHP Dean Byrne
|
|
Batting: LHB Matt Baker
|
0-0: Swinging Strike 0-1: Foul Ball, location: 2F 0-2: Strikes out looking
|
Batting: RHB Larry Shoop
|
0-0: Ball 1-0: Ball 2-0: Ball 3-0: Base on Balls Warren Carmichael to third Chris Graham to second
|
Batting: LHB Tony Leyba
|
0-0: Foul Ball, location: 2F 0-1: Ball 1-1: Ball 2-1: Ball 3-1: Fielders Choice at 2nd, 5-4 (Groundball, 5, EV 85.6 MPH)
|
Bottom of the 8th over - 0 runs, 1 hit, 1 error, 3 left on base; Trois-Riveres 2 - New Jersey 11 |
TOP OF THE 9TH |
Trois-Riveres Aigles batting - Pitching for New Jersey Devils : RHP Jeremy Delka
|
Now at SS: Warren Carmichael
|
|
Batting: LHB Jonathan Spino
|
0-0: Called Strike 0-1: Ball 1-1: Ball 2-1: Ball 3-1: Fly out, F9 (Flyball, 9LD, EV 101.9 MPH)
|
Batting: RHB Josh Harmon
|
0-0: Ball 1-0: Called Strike 1-1: Foul Ball, location: 2F 1-2: Foul Ball, location: 2F 1-2: Foul Ball, location: 2F 1-2: Strikes out swinging
|
Batting: RHB Toshikatsu Omori
|
0-0: Foul Ball, location: 2F 0-1: Ground out 4-3 (Groundball, 4, EV 82.5 MPH)
|
Top of the 9th over - 0 runs, 0 hits, 0 errors, 0 left on base; Trois-Riveres 2 - New Jersey 11 |
|